 Dungeon Crawl Stone Soup version 0.23-a0-612-gcb482e9 (webtiles) character file.

235 Borgoz the Skirmisher (level 6, 0/52 HPs)
             Began as a Ghoul Abyssal Knight on Dec 22, 2018.
             Was a Believer of Lugonu.
             Slain by a worker ant (5 damage)
             ... on level 4 of the Dungeon.
             The game lasted 00:06:46 (4062 turns).

Borgoz the Skirmisher (Ghoul Abyssal Knight)        Turns: 4062, Time: 00:06:46

Health: 0/52       AC:  7    Str: 16    XL:     6   Next: 6%
Magic:  7/7        EV: 11    Int:  7    God:    Lugonu [**....]
Gold:   192        SH:  0    Dex: 10    Spells: 5/5 levels left

rFire    . . .     SeeInvis .   a - +1 hand axe
rCold    + . .     Gourm    .   (no shield)
rNeg     + + +     Faith    .   n - +0 ring mail (curse)
rPois    ∞         Spirit   .   b - +0 helmet (curse)
rElec    .         Reflect  .   e - +0 cloak (curse)
rCorr    .         Harm     .   (no gloves)
MR       .....                  (no boots)
Stlth    ..........             (no amulet)
HPRegen  0.00/turn              (no ring)
MPRegen  0.10/turn              (no ring)

@: confused, rotting
A: rotting body, claws 1, carnivore, cold resistance 1, negative energy
resistance 3, inhibited regeneration, torment resistance, unbreathing
a: Depart the Abyss, Bend Space, Renounce Religion


You were on level 4 of the Dungeon.
You worshipped Lugonu.
Lugonu was pleased with you.
You were not hungry.

You visited 1 branch of the dungeon, and saw 4 of its levels.
You visited the Abyss 1 time.

You collected 192 gold pieces.

Inventory:

Hand Weapons
 a - a +1 hand axe (weapon)
Armour
 b - a cursed +0 helmet (worn)
 e - a cursed +0 cloak (worn)
 n - a cursed +0 ring mail (worn)
Jewellery
 p - a +2 ring of dexterity {unknown}
Scrolls
 g - 4 scrolls of identify {unknown}
 i - a scroll of amnesia {unknown}
 j - 2 scrolls of enchant weapon {unknown}
 k - 2 scrolls of teleportation {unknown}
 m - a scroll of immolation {unknown}
Potions
 f - a potion of curing {unknown}
 h - a potion of ambrosia
 l - a potion of berserk rage {unknown}
Comestibles
 c - 6 rations


   Skills:
 + Level 4.1 Fighting
 * Level 3.4 Axes
 + Level 2.7 Armour
 + Level 2.2 Dodging
 + Level 3.2 Invocations


You had 5 spell levels left.
You didn't know any spells.
Your spell library was empty.

Dungeon Overview and Level Annotations

Branches:
Dungeon (4/15)
 Temple: D:4-7

Altars:
Makhleb
Trog
Uskayaw

Annotations:
D:2 Ijyb


Innate Abilities, Weirdness & Mutations

Your body is rotting away.
You thrive on raw meat.
You are immune to poison.
You have sharp fingernails.
You are carnivorous and can eat meat at any time.
Your flesh is cold resistant. (rC+)
You are immune to negative energy. (rN+++)
You do not regenerate when monsters are visible.
You are immune to unholy pain and torment.
You can survive without breathing.


Message History

The ogre is heavily wounded.
You slash the worker ant! The worker ant bites you.
The ogre closely misses you.
You hit the ogre.
The ogre is heavily wounded.
You hit the worker ant but do no damage.
The worker ant bites you.
You closely miss the ogre.
The ogre is heavily wounded.
You hit the worker ant. The worker ant barely misses you.
The ogre completely misses you. The worker ant bites you.
* * * LOW HITPOINT WARNING * * *
You barely miss the ogre.
The ogre is heavily wounded.
You hit the worker ant. The ogre hits you with a +0 giant club!
* * * LOW HITPOINT WARNING * * *
The worker ant misses you.
You are confused.
You feel invigorated. The worker ant bites you.
You die...

.......#.##..
......O....
#......?.###..#
#......<......# #
#.##.########.#.#
.#.###
#########.....#.#
#...........#.#.###
#O@.......#.....#
#a###.......#...#
#. #.#.....#...# #.
#.#.......# #.
#.##......# #.
#.....#...# #.
####......### #.
#.#.....(###
##.#.....##..


You could see an ogre and a worker ant.

Vanquished Creatures
  An orc wizard (D:3)
  Robin (D:2)
  3 gnolls
  5 adders
  2 oozes (D:1)
  4 worms
  A dart slug (D:2)
  A leopard gecko (D:2)
  6 orcs (D:3)
  3 ball pythons
  7 bats
  3 giant cockroaches (D:1)
  14 goblins
  10 hobgoblins
  12 jackals
  5 kobolds
  2 quokkas
  3 frilled lizards
  7 rats
90 creatures vanquished.

Notes
Turn   | Place    | Note
-------+----------+-------------------------------------------
     0 | Abyss:1  | Borgoz the Ghoul Abyssal Knight began the quest for the
                  | Orb.
     0 | Abyss:1  | Reached XP level 1. HP: 19/19 MP: 1/1
    83 | Abyss:2  | Noticed a flying skull
    83 | Abyss:2  | Noticed a raiju
    83 | Abyss:2  | Noticed a Hell Sentinel
    83 | Abyss:2  | Noticed a blink frog
    84 | Abyss:2  | Noticed a large abomination
    84 | Abyss:2  | Noticed a rime drake
    85 | D:1      | Escaped the Abyss
   114 | D:1      | Reached skill level 1 in Dodging
   328 | D:1      | Reached XP level 2. HP: 25/26 MP: 2/2
   344 | D:1      | Reached * piety under Lugonu
   608 | D:1      | Reached XP level 3. HP: 28/31 MP: 3/3
  1508 | D:2      | Reached XP level 4. HP: 38/39 MP: 4/4
  1564 | D:2      | Reached ** piety under Lugonu
  1930 | D:2      | Found a hide-covered altar of Uskayaw.
  1942 | D:2      | Found a burning altar of Makhleb.
  2036 | D:3      | Noticed Robin
  2106 | D:2      | Killed Robin
  2302 | D:3      | Reached XP level 5. HP: 46/46 MP: 6/6
  2453 | D:3      | Noticed Ijyb
  3368 | D:3      | Found a bloodstained altar of Trog.
  3376 | D:3      | Reached skill level 4 in Fighting
  3911 | D:4      | Noticed an ogre
  3923 | D:3      | Reached XP level 6. HP: 39/51 MP: 7/7
  4061 | D:4      | HP: 1/52 [ogre/+0 giant club (11)]
  4062 | D:4      | Slain by a worker ant

Vault maps used:
D:1:      dpeg_arrival_boxes_within_box
D:2:      amethyst_overflow_temple_binary, first_ration
D:3:      trog_three_pillars_becter, uniq_robin, uniq_ijyb
D:4:      serial_bayou_pond_e
Abyss:2:  onia_ninara_dug_in_and_dangerous,
          hangedman_abyss_or_decor_jellyfish_corner

Skill      XL: |  1  2  3  4  5 |
---------------+----------------+-----
Dodging        | 1 2 |  2.2
Axes           | 2 3 |  3.4
Armour         | 2 |  2.7
Invocations    | 3 |  3.2
Fighting       | 4 |  4.1

Action                   |  1- 3 |  4- 6 || total
-------------------------+-------+-------++-------
Melee: Hand axe          |   115 |   300 ||   415
Throw: Throwing net      |       |     1 ||     1
Invok: Depart the Abyss  |     1 |       ||     1
  Use: Potion            |       |     3 ||     3
  Eat: Chunk             |     9 |    17 ||    26
Armor: Leather armour    |    37 |       ||    37
       Ring mail         |     6 |   160 ||   166
Dodge: Dodged            |    87 |   209 ||   296

Table legend:
 A = Non-vault XP
 B = Vault XP
 C = Vault XP percentage of total XP
 D = Non-vault monster count
 E = Vault monster count
 F = Vault count percentage of total count
                 A         B        C        D         E       F
            +---------+---------+-------+---------+---------+-------
      Total |     303 |      34 |  10.1 |      79 |      11 |  12.2
            +---------+---------+-------+---------+---------+-------
        D:1 |      48 |       0 |   0.0 |      21 |       0 |   0.0
        D:2 |      91 |      24 |  20.9 |      27 |       6 |  18.2
        D:3 |     143 |      10 |   6.5 |      26 |       5 |  16.1
        D:4 |      21 |       0 |   0.0 |       5 |       0 |   0.0
            +---------+---------+-------+---------+---------+-------
